 Dungeon Crawl Stone Soup version 0.31-a0-1616-gbeaec30 (webtiles) character file.

Game seed: 2259113216595761583

10506 Dorkslayer the Carver (level 11, -4/72 HPs)
             Began as an Octopode Fighter on Jan 10, 2024.
             Was a Believer of Dithmenos.
             Slain by a death yak (23 damage)
             ... on level 9 of the Dungeon.
             The game lasted 00:30:08 (7041 turns).

Dorkslayer the Carver (Octopode Fighter)            Turns: 7041, Time: 00:30:08

Health: -4/72      AC:  5    Str: 16    XL:     11   Next: 63%
Magic:  16/16      EV: 14    Int: 10    God:    Dithmenos [**....]
Gold:   374        SH:  0    Dex: 16    Spells: 17/17 levels left

rFire   . . .        a - +1 long sword (venom)
rCold   + . .        A - +3 tower shield
rNeg    . . .        (helmet currently unavailable)
rPois   .            y - amulet of magic regeneration
rElec   .            g - +4 ring of protection
rCorr   .            s - ring of willpower
SInv    .            j - ring of protection from cold
Will    +....        (no ring)
Stlth   +++          (no ring)
HPRegen 0.32/turn    (no ring)
MPRegen 0.55/turn    (no ring)
                     (no ring)

%: no passive effects
@: confused, beast-form, ambrosia-drunk, wreathed by umbra, studying Axes
A: beast (slay +3), almost no armour, amphibious, 8 rings, camouflage 1,
gelatinous body 1, (nimble swimmer 1), tentacles
a: Begin Untransformation, Renounce Religion, Shadow Step


You were on level 9 of the Dungeon.
You worshipped Dithmenos.
Dithmenos was pleased with you.
You were a hulking beast.
You visited 2 branches of the dungeon, and saw 10 of its levels.
You also visited: Bailey.

You collected 674 gold pieces.
You spent 300 gold pieces at shops.

Inventory:

Hand Weapons
 a - a +1 long sword of venom (weapon)
 B - a +2 war axe of flaming
Missiles
 v - 3 boomerangs (quivered)
Armour
 A - a +3 tower shield (worn)
Jewellery
 g - a +4 ring of protection (left tentacle)
 j - a ring of protection from cold (on tentacle)
 s - a ring of willpower (right tentacle)
 y - an amulet of magic regeneration (around mantle)
Talismans
 r - a serpent talisman
 z - a beast talisman (active)
Wands
 c - a wand of polymorph (12)
 o - a wand of flame (15)
 x - a wand of charming (3)
Scrolls
 f - 3 scrolls of immolation
Potions
 e - 2 potions of attraction
 h - a potion of berserk rage
 i - 2 potions of mutation {unknown}
 k - 2 potions of brilliance
 l - 4 potions of haste {unknown}
 m - 3 potions of lignification {unknown}
 p - 3 potions of enlightenment
 t - 2 potions of resistance
 w - a potion of cancellation {unknown}


   Skills:
 + Level 5.6 Fighting
 + Level 8.9 Long Blades
 + Level 3.3 Axes
 + Level 2.6 Throwing
 + Level 7.9 Dodging
 + Level 5.1 Stealth
 + Level 7.2 Shields
 * Level 3.1 Unarmed Combat
 + Level 3.8 Spellcasting
 + Level 2.2 Invocations
 + Level 6.0 Evocations
 * Level 5.4 Shapeshifting


You had 17 spell levels left.
You didn't know any spells.
Your spell library contained the following spells:

 Spells                   Type           Power      Damage    Failure   Level
 Apportation              Tloc           2%         N/A       89%         1
 Sandblast                Erth           2%         2d4       89%         1
 Summon Small Mammal      Summ           4%         N/A       89%         1
 Jinxbite                 Hex            2%         N/A       96%         2
 Call Canine Familiar     Summ           1%         N/A       99%         3
 Gell's Gravitas          Tloc           1%         N/A       99%         3
 Passwall                 Erth           1%         N/A       99%         3
 Stone Arrow              Conj/Erth      2%         3d7       99%         3
 Teleport Other           Tloc           1%         N/A       99%         3
 Tukima's Dance           Hex            1%         N/A       99%         3
 Brom's Barrelling Bould  Conj/Erth      1%         2d3       100%        4
 Dimensional Bullseye     Hex/Tloc       0%         N/A       100%        4
 Iskenderun's Mystic Bla  Conj/Tloc      1%         2d3       100%        4
 Summon Blazeheart Golem  Fire/Summ      1%         N/A       100%        4
 Alistair's Intoxication  Alch           0%         N/A       100%        5
 Fireball                 Conj/Fire      0%         3d3       100%        5
 Iskenderun's Battlesphe  Conj           1%         2d6       100%        5
 Conjure Ball Lightning   Conj/Air       0%         3x3d6     100%        6
 Dispersal                Tloc           0%         N/A       100%        6
 Orb of Destruction       Conj           0%         9d5       100%        7


Dungeon Overview and Level Annotations

Branches:
Dungeon (9/15)             Temple (1/1) D:6            Lair (0/5) D:9
 Bailey (visited)
    Orc: D:9-12

Altars:
Ashenzari
Cheibriados
Dithmenos
Elyvilon
Fedhas
Gozag
Hepliaklqana
Kikubaaqudgha
Makhleb
Nemelex Xobeh
Okawaru
Qazlal
Ru
Sif Muna
Trog
Uskayaw
Vehumet
Wu Jian
Xom
Yredelemnul
Zin
The Shining One

Shops:
D:5 !


Innate Abilities, Weirdness & Mutations

You are a hulking beast.
Your limbs bulge with bestial killing power. (Slay +3)
You cannot wear most types of armour.
You are amphibious.
You can wear up to eight rings at the same time.
Your skin changes colour to match your surroundings (Stealth+).
Your rubbery body absorbs attacks. (AC +1, EV +1)
((You are camouflaged when in or above water. (Stealth+)))
You have tentacles for arms and can constrict up to eight enemies at once.


Message History

You barely miss the death yak. Your squeeze misses the death yak.
The death yak is severely wounded.
You block the death yak's attack.
Okay, then.
As you read the scroll of fog, it dissolves into smoke.
The death yak barely misses you.
The death yak snorts and paws the ground.
Okay, then.
You barely miss the death yak. Your squeeze misses the death yak.
The death yak is almost dead.
The death yak gores you.
You hit the death yak but do no damage.
The death yak is almost dead.
You block the death yak's attack.
You kill the death yak!
Dithmenos accepts your kill.
The death yak attacks as it pursues you!
The death yak closely misses you.
Your Unarmed Combat skill increases to level 3!
The death yak attacks as it pursues you!
The death yak gores you!
* * * LOW HITPOINT WARNING * * *
Okay, then.
You feel much better. The death yak gores you!!
* * * LOW HITPOINT WARNING * * *
You feel much better. You block the death yak's attack.
Okay, then.
It was a potion of ambrosia.
You are confused.
You feel invigorated. The death yak barely misses you.
You bump into the rock wall.
The death yak gores you!
You're too confused to move!
The death yak gores you!!
* * * LOW HITPOINT WARNING * * *
You hear a bellow! x2
You slash the death yak!
The death yak is lightly wounded.
You hear a bellow!
The death yak barely misses you.
You bump into the rock wall.
The death yak gores you!!
You die...

##.#######.#.##.§§.# .......
#............#..§.§# Y......
##########.#.#....§##YY.....
#...........Y§§§§YY....
###.###.....#.#§##YY......#
#.....'.....+YY§##YY.......
#...###.....#Y####Y.......>
##.....#.....#Y# #.###.....
##....#.#.....#h# #.# ....#.
#.....#.#.#####.####.##Y.....
#>.....................Y.Y.Y.
#.......#.#####......<#
#.....#.#.#######....##
#.....#.#'#..........#
#.....#.............##
#.....#.............#
#.###.#..........####


You could see 5 death yaks.

Vanquished Creatures
  2 vault guards (Bailey)
  A two-headed ogre (D:9)
  2 death yaks (D:9)
  Maurice (D:7)
  A hornet (D:9)
  Prince Ribbit (Bailey)
  A vampire (D:7)
  5 yaks (D:9)
  6 humans (Bailey)
  Grum (D:8)
  Menkaure (D:7)
  Edmund (D:4)
  2 water moccasins
  5 orc warriors
  3 ice beasts
  A sky beast (D:8)
  A black bear (D:4)
  7 ogres
  2 wolves (D:8)
  2 phantoms (D:6)
  2 centaurs
  A kobold brigand (D:8)
  Blork the orc (D:4)
  10 bullfrogs
  2 scorpions
  10 wights
  5 killer bees (D:8)
  An electric eel (D:9)
  2 hounds
  2 jellies
  3 bombardier beetles
  6 orc priests
  A sleepcap (D:6)
  Terence (D:3)
  2 iguanas
  3 orc wizards
  5 adders
  A gnoll (D:3)
  4 shadow imps
  4 dart slugs
  2 ribbon worms
  37 orcs
  5 ball pythons
  2 bats
  7 endoplasms
  4 giant cockroaches
  7 goblins
  12 hobgoblins
  4 jackals (D:2)
  10 kobolds
  6 quokkas
  A frilled lizard (D:2)
  8 rats
217 creatures vanquished.

Vanquished Creatures (collateral kills)
  An orc warrior (D:8)
  2 orcs (D:8)
3 creatures vanquished.

Vanquished Creatures (others)
  A bullfrog (Bailey)
1 creature vanquished.

Grand Total: 221 creatures vanquished

Notes
Turn   | Place    | Note
-------+----------+-------------------------------------------
     0 | D:1      | Dorkslayer the Octopode Fighter began the quest for the
                  | Orb.
     0 | D:1      | Reached XP level 1. HP: 16/16 MP: 1/1
     5 | D:1      | Noticed an anaconda
   104 | D:1      | Reached XP level 2. HP: 17/21 MP: 2/2
   124 | D:1      | You fall into a shaft and drop 1 floor!
   247 | D:2      | Reached XP level 3. HP: 21/26 MP: 3/3
   560 | D:1      | Noticed a death yak
  1100 | D:2      | Reached XP level 4. HP: 30/31 MP: 4/4
  1207 | D:3      | Reached skill level 1 in Stealth
  1592 | D:3      | Noticed Terence
  1613 | D:3      | Reached XP level 5. HP: 36/36 MP: 5/5
  1620 | D:3      | Reached skill level 3 in Long Blades
  1753 | D:3      | Killed Terence
  2147 | D:4      | Noticed a black bear
  2151 | D:4      | Killed a black bear
  2152 | D:4      | Reached XP level 6. HP: 43/43 MP: 6/6
  2157 | D:4      | Reached skill level 1 in Evocations
  2314 | D:4      | Noticed Edmund
  2393 | D:4      | Killed Edmund
  2394 | D:4      | Reached skill level 4 in Long Blades
  2394 | D:4      | Reached XP level 7. HP: 47/47 MP: 7/7
  2397 | D:4      | Reached skill level 1 in Shapeshifting
  2511 | D:4      | Noticed Blork the orc
  2519 | D:4      | Killed Blork the orc
  2731 | D:4      | Found a shimmering blue altar of Sif Muna.
  2829 | D:5      | Entered Level 5 of the Dungeon
  2867 | D:5      | Reached skill level 5 in Dodging
  2875 | D:5      | Reached skill level 5 in Long Blades
  2993 | D:5      | Reached XP level 8. HP: 46/54 MP: 8/8
  3415 | D:5      | Found Geevet's Distillery.
  3423 | D:5      | Bought a potion of attraction for 45 gold pieces
  3423 | D:5      | Bought a potion of brilliance for 60 gold pieces
  3423 | D:5      | Bought a potion of curing for 45 gold pieces
  3423 | D:5      | Bought 2 potions of enlightenment for 150 gold pieces
  3623 | D:6      | Found a staircase to the Ecumenical Temple.
  3665 | D:6      | Reached skill level 6 in Long Blades
  3707 | Temple   | Entered the Ecumenical Temple
  3877 | D:6      | Reached skill level 1 in Spellcasting
  3941 | D:6      | Reached XP level 9. HP: 59/59 MP: 9/11
  4536 | D:7      | Noticed Maurice
  4577 | D:7      | Something stole a +1 war axe of flaming
  4590 | D:7      | Killed Maurice
  4591 | D:7      | Reached skill level 7 in Long Blades
  4591 | D:7      | Reached skill level 5 in Stealth
  4738 | D:7      | Reached skill level 5 in Fighting
  4771 | D:7      | Noticed Menkaure
  4779 | D:7      | Killed Menkaure
  4995 | D:7      | Reached XP level 10. HP: 66/66 MP: 14/14
  5132 | D:8      | Reached skill level 5 in Evocations
  5163 | D:8      | Reached skill level 1 in Axes
  5175 | D:8      | Reached skill level 5 in Shields
  5290 | D:8      | Noticed Grum
  5306 | D:8      | Killed Grum
  5520 | D:8      | Found a shadowy altar of Dithmenos.
  5527 | D:8      | Became a worshipper of Dithmenos the Shadowed
  5660 | D:8      | Reached skill level 1 in Invocations
  5688 | D:8      | Reached * piety under Dithmenos
  6189 | D:9      | Noticed a death yak
  6189 | D:9      | Noticed a death yak
  6189 | D:9      | Noticed a death yak
  6189 | D:9      | Found a staircase to the Lair.
  6190 | D:9      | Noticed a death yak
  6190 | D:9      | Noticed a death yak
  6190 | D:9      | Noticed a death yak
  6194 | D:9      | Found a flagged portal.
  6208 | Bailey   | Entered a bailey
  6410 | Bailey   | Noticed a vault guard
  6425 | Bailey   | Killed a vault guard
  6426 | Bailey   | Reached skill level 8 in Long Blades
  6426 | Bailey   | Reached skill level 1 in Throwing
  6426 | Bailey   | Reached skill level 1 in Unarmed Combat
  6426 | Bailey   | Reached XP level 11. HP: 55/72 MP: 16/16
  6617 | Bailey   | Reached ** piety under Dithmenos
  6654 | Bailey   | Noticed Prince Ribbit
  6654 | Bailey   | Noticed a vault guard
  6664 | Bailey   | Killed Prince Ribbit
  6671 | Bailey   | Killed a vault guard
  6787 | D:9      | Reached skill level 5 in Shapeshifting
  6788 | D:9      | Noticed a two-headed ogre
  6795 | D:9      | Killed a two-headed ogre
  7009 | D:9      | Noticed a death yak
  7009 | D:9      | Noticed a death yak
  7018 | D:9      | Killed a death yak
  7033 | D:9      | Killed a death yak
  7041 | D:9      | Slain by a death yak

Illustrated notes

Levels and vault maps discovered:
D:1:      sevenhm_arrival_forest_fort_small_2, layout_loops_cross
D:2:      minmay_spotlight, layout_basic, minmay_tree_intersection,
          nicolae_concentric_dashed_squares_wild
D:3:      layout_basic, minmay_ruptured, uniq_terence
D:4:      layout_basic, led_sif_pool, palyth_stone_intersect,
          minmay_joined_circles, uniq_blork_the_orc, uniq_edmund
D:5:      layout_basic, serial_shops, nicolae_shop_just_a_little_nook
D:6:      layout_rooms, minmay_temple_entry_glass, chequers_arboretum,
          dk_vineyard_3, minmay_misc_feat_enclosed
D:7:      layout_cave_pools, minmay_manual_mail, uniq_maurice, uniq_menkaure
D:8:      layout_gridville, grunt_dithmenos_smoke, special_room
          [special_room_orc], minmay_fractal_squares_gapless_5, uniq_grum
D:9:      layout_basic, dpeg_lair_monsters, enter_bailey_2, kennysheep_boxes
Temple:   nicolae_temple_slightly_damp_pantheon

Skill      XL: |  1  2  3  4  5  6  7  8  9 10 11 |
---------------+----------------------------------+-----
Stealth        | 1 2 3 4 5 |  5.1
Dodging        | 4 5 6 7 |  7.9
Long Blades    | 3 4 5 6 7 8 |  8.9
Evocations     | 1 2 3 4 5 6 |  6.0
Shapeshifting  | 1 3 4 5 |  5.4
Fighting       | 4 5 |  5.6
Spellcasting   | 1 3 |  3.8
Shields        | 4 6 7 |  7.2
Axes           | 3 |  3.3
Invocations    | 2 |  2.2
Throwing       | 1 2 |  2.6
Unarmed Combat | 1 3 |  3.1

Action                     |  1- 3 |  4- 6 |  7- 9 | 10-12 || total
---------------------------+-------+-------+-------+-------++-------
  Melee: Long sword        |    62 |    60 |   196 |   227 ||   545
         Constrict         |    19 |    19 |    27 |    50 ||   115
         Tentacles         |    13 |    12 |    39 |    65 ||   129
         Punch             |     1 |     1 |     6 |     6 ||    14
         Unarmed           |       |     4 |       |       ||     4
  Throw: Boomerang         |       |       |       |    33 ||    33
  Evoke: Wand              |       |       |    16 |    24 ||    40
    Use: Scroll            |     4 |     5 |    10 |     7 ||    26
         Potion            |       |     4 |     4 |     8 ||    16
   Stab: Sleeping          |     3 |     5 |     5 |       ||    13
         Distracted        |       |       |     1 |       ||     1
 Armour: Skin              |    26 |    21 |   116 |    73 ||   236
  Dodge: Dodged            |    38 |    34 |   101 |    73 ||   246
  Block: Buckler           |     9 |    12 |    53 |       ||    74
         Tower shield      |       |       |    14 |   245 ||   259
   Form: Beast             |       |       |     1 |       ||     1

Table legend: (Time is in decaauts)
 A = Elapsed time spent in this place.
 B = Non-inter-level travel time spent in this place.
 C = Inter-level travel time spent in this place.
 D = Time resting spent in this place.
 E = Time spent auto-exploring this place.
 F = Levels seen in this place.
 G = Mean time per level.
                   A        B        C        D        E       F      G
               +--------+--------+--------+--------+--------+-----+--------+
         Total |   7210 |   7208 |      2 |    997 |   2431 |  11 |  655.5 |
       Dungeon |   6556 |   6554 |      2 |    766 |   2431 |   9 |  728.4 |
        Temple |    116 |    116 |      0 |      0 |      0 |   1 |  116.0 |
        Bailey |    537 |    537 |      0 |    231 |      0 |   1 |  537.0 |
               +--------+--------+--------+--------+--------+-----+--------+

Top non-repeatable levels by time:
     D:8: 1184 daAuts
     D:4: 836 daAuts
     D:3: 817 daAuts
     D:5: 797 daAuts
     D:7: 678 daAuts
     D:6: 656 daAuts
     D:2: 618 daAuts
     D:1: 597 daAuts
  Bailey: 537 daAuts
     D:9: 368 daAuts
  Temple: 116 daAuts
